 Dungeon Crawl Stone Soup version 0.26-a0-937-g67df3f2acb (webtiles) character file.

Game seed: 3139666198957579536

2662 PentaManta the Grappler (level 9, -4/44 HPs)
             Began as a Vine Stalker Monk on Nov 27, 2020.
             Was a Priest of Dithmenos.
             Killed by divine providence
             ... invoked by an orc priest
              (9 damage)
             ... on level 7 of the Dungeon.
             The game lasted 00:17:11 (5599 turns).

PentaManta the Grappler (Vine Stalker Monk)         Turns: 5599, Time: 00:17:11

Health: -4/44      AC: 11    Str: 18    XL:     9   Next: 63%
Magic:  0/10       EV:  9    Int: 10    God:    Dithmenos [***...]
Gold:   341        SH: 12    Dex: 16    Spells: 8/8 levels left

rFire    + . .     SeeInvis .     - Unarmed
rCold    . . .     Faith    .   F - +2 kite shield
rNeg     . . .     Spirit   +   r - +2 scale mail {rF+}
rPois    +         Reflect  .   (no helmet)
rElec    .         Harm     .   x - scarf {shadows}
rCorr    .         Rampage  .   (no gloves)
MR       +....                  G - +1 pair of boots
Stlth    +.........             e - amulet of regeneration
HPRegen  0.94/turn              d - ring of poison resistance
MPRegen  0.12/turn              (no ring)

@: about to teleport, wreathed by umbra
A: fangs 3, regeneration 1, magic shield, antimagic bite, no potion heal 3, rot
immunity
a: Shadow Step, Renounce Religion


You were on level 7 of the Dungeon.
You worshipped Dithmenos.
Dithmenos was most pleased with you.
You visited 2 branches of the dungeon, and saw 8 of its levels.
You also visited: Ossuary.

You collected 431 gold pieces.
You spent 90 gold pieces at shops.

Inventory:

Hand Weapons
 c - a +1 short sword of venom
Missiles
 j - 38 poisoned darts (quivered)
 t - 2 throwing nets
Armour
 n - the cursed +0 robe "Monasics" {Str+4, unknown}
   (You found it on level 7 of the Dungeon)

   It affects your strength (+4).
   It has a curse placed upon it.
 r - a +2 scale mail of fire resistance (worn)
 x - a scarf of shadows (worn)
 F - a +2 kite shield (worn)
 G - a +1 pair of boots (worn)
 I - a +0 plate armour
Jewellery
 d - a ring of poison resistance (left hand)
 e - an amulet of regeneration (around neck)
 l - an uncursed amulet of faith {unknown}
Wands
 m - a wand of digging (4)
 w - a wand of flame (6)
 H - a wand of disintegration (15)
Scrolls
 a - 3 scrolls of remove curse
 g - a scroll of identify
 p - 2 scrolls of enchant armour
 q - a scroll of magic mapping
 s - a scroll of blinking
Potions
 b - a potion of cancellation {unknown}
 f - 8 potions of curing
 h - 2 potions of flight
 k - 4 potions of mutation
 o - 2 potions of lignification
 u - a potion of heal wounds {unknown}
 v - a potion of might {unknown}
 A - 2 potions of berserk rage {unknown}
 C - a potion of haste {unknown}


   Skills:
 - Level 3.0 Fighting
 + Level 4.9 Armour
 + Level 3.4 Dodging
 - Level 3.0 Stealth
 + Level 4.6 Shields
 * Level 9.8 Unarmed Combat


You had 8 spell levels left.
You didn't know any spells.
Your spell library contained the following spells:

 Spells                   Type           Power        Failure   Level
 Magic Dart               Conj           #...         99%         1
 Searing Ray              Conj           #.....       100%        2
 Dazzling Flash           Conj/Hex       #.....       100%        3
 Fulminant Prism          Conj/Hex       #.........   100%        4
 Iskenderun's Mystic Bla  Conj/Tloc      #.......     100%        4


Dungeon Overview and Level Annotations

Branches:
Dungeon (7/15)             Temple (1/1) D:6         Ossuary (visited)

Altars:
Ashenzari
Cheibriados
Dithmenos
Fedhas
Gozag
Hepliaklqana
Kikubaaqudgha
Makhleb
Nemelex Xobeh
Qazlal
Ru
Sif Muna
Trog
Uskayaw
Vehumet
Wu Jian
Xom
Yredelemnul
Zin
The Shining One

Shops:
D:5 }   D:6 ?


Innate Abilities, Weirdness & Mutations

You have razor-sharp teeth.
Your natural rate of healing is unusually fast.
When hurt, damage is shared between your health and your magic reserves.
Your bite disrupts and absorbs the magic of your enemies.
Potions cannot restore your health.
You are immune to rotting.


Message History

The orc warrior barely misses you.
You barely miss the orc warrior. Your bite misses the orc warrior.
The orc warrior is heavily wounded.
An orc wizard comes into view. It is wielding a +0 dagger.
The orc wizard shouts!
You hit the orc warrior but do no damage.
You bite the orc warrior. You drain its power.
You feel invigorated.
The orc warrior is heavily wounded.
The orc warrior hits you with a +0 halberd!
* * * LOW HITPOINT WARNING * * *
You barely miss the orc warrior.
The orc warrior is heavily wounded.
The orc warrior completely misses you.
As you read the scroll of teleportation, it crumbles to dust.
You feel strangely unstable.
The orc warrior hits you with a +0 halberd!
* * * LOW HITPOINT WARNING * * *
The orc priest invokes the aid of Beogh against you.
Beogh smites you!
You die...

######...######...
######............
#....#...##......#
#....#.........###
#....#......######
#....#.......#$#.#
'....+.......#.#.#
#....#.##.####.#$#
.....+....## #..@#
#....#.##..# ###.#
#....#.##..#####o#
#....#.........#Z#
#....####......#o#
#....# #..#.##.#o#
....# #..#..#.#o#
#..#..###o###
...#........#


You could see 2 orc warriors, an orc priest, an orc wizard and a worker ant
zombie.

Vanquished Creatures
  2 water moccasins
  An orc warrior (D:6)
  2 ice beasts
  2 ogres
  5 bullfrogs
  3 scorpions
  8 wights
  2 centaur zombies
  4 jellies
  A centaur skeleton (D:5)
  4 orc priests
  3 hounds
  3 orc wizards
  A human zombie (Ossuary)
  Terence (D:3)
  Jessica (D:2)
  2 bullfrog skeletons
  4 iguanas
  Natasha (thrice) (D:3)
  7 worker ants
  3 mummies (Ossuary)
  A worker ant zombie (D:6)
  5 adders
  A shadow imp (D:7)
  2 white imps
  An ufetubus (D:7)
  2 oozes
  2 adder skeletons
  3 worms
  A dart slug (D:2)
  8 leopard geckos
  17 orcs
  2 giant cockroaches
  8 hobgoblins
  2 jackals (D:5)
  4 quokkas
  A ball python (D:6)
  A ball python skeleton (D:4)
  6 bats
  3 frilled lizards
  A gnoll zombie (Ossuary)
  5 goblins
  A goblin zombie (Ossuary)
  2 hobgoblin zombies (Ossuary)
  11 kobolds
  2 kobold zombies (Ossuary)
  A leopard gecko skeleton (D:4)
  11 rats
166 creatures vanquished.

Notes
Turn   | Place    | Note
-------+----------+-------------------------------------------
     0 | D:1      | PentaManta the Vine Stalker Monk began the quest for the
                  | Orb.
     0 | D:1      | Reached XP level 1. HP: 11/11 MP: 2/2
   232 | D:1      | Reached XP level 2. HP: 16/16 MP: 3/3
   850 | D:2      | Reached XP level 3. HP: 20/20 MP: 4/4
   882 | D:2      | Noticed Jessica
   917 | D:2      | Killed Jessica
   963 | D:2      | Gained mutation: Your natural rate of healing is unusually
                  | fast. [Vine Stalker growth]
   963 | D:2      | Reached XP level 4. HP: 24/24 MP: 5/5
  1293 | D:2      | Reached skill level 4 in Unarmed Combat
  1506 | D:3      | Noticed Terence
  1521 | D:3      | Killed Terence
  1656 | D:3      | Reached XP level 5. HP: 28/28 MP: 6/6
  1669 | D:3      | Noticed Natasha
  1671 | D:3      | Found a sparkling altar of Nemelex Xobeh.
  1680 | D:3      | Killed Natasha
  1701 | D:3      | Noticed Natasha
  1706 | D:3      | Killed Natasha
  1707 | D:3      | Reached skill level 5 in Unarmed Combat
  1711 | D:3      | Found a burning altar of Makhleb.
  1719 | D:3      | Reached skill level 1 in Armour
  1727 | D:3      | Noticed Natasha
  1740 | D:3      | Killed Natasha
  2011 | D:4      | Reached XP level 6. HP: 32/32 MP: 7/7
  2023 | D:4      | Found a sand-covered staircase.
  2028 | Ossuary  | Entered an ossuary
  2289 | D:4      | Reached skill level 6 in Unarmed Combat
  2551 | D:4      | Reached XP level 7. HP: 36/36 MP: 8/8
  2554 | D:4      | Found a shadowy altar of Dithmenos.
  2578 | D:4      | Became a worshipper of Dithmenos the Shadowed
  2578 | D:4      | Reached * piety under Dithmenos
  2578 | D:4      | Reached ** piety under Dithmenos
  2708 | D:4      | Reached skill level 1 in Shields
  2825 | D:4      | Reached skill level 7 in Unarmed Combat
  3085 | D:5      | Entered Level 5 of the Dungeon
  3085 | D:5      | Found Qiofryd's Gadget Emporium.
  3102 | D:5      | Gained mutation: You have razor-sharp teeth. [Vine Stalker
                  | growth]
  3102 | D:5      | Reached XP level 8. HP: 38/40 MP: 7/9
  3428 | D:5      | Found a broken altar of Ashenzari.
  4019 | D:5      | Reached skill level 8 in Unarmed Combat
  4169 | D:6      | Found Zin's Purification Station.
  4172 | D:6      | Found a glowing silver altar of Zin.
  4177 | D:6      | Bought a potion of curing for 90 gold pieces
  4261 | D:6      | Reached XP level 9. HP: 42/44 MP: 10/10
  4265 | D:6      | Found a staircase to the Ecumenical Temple.
  4278 | D:6      | Found Ceptuet's Magic Scroll Boutique.
  4285 | D:6      | Reached *** piety under Dithmenos
  4303 | D:6      | Reached skill level 9 in Unarmed Combat
  4389 | Temple   | Entered the Ecumenical Temple
  4597 | D:6      | Found a shimmering blue altar of Sif Muna.
  4641 | D:6      | Found a stormy altar of Qazlal.
  4812 | D:6      | Found a sacrificial altar of Ru.
  5327 | D:7      | Got a tattered robe
  5599 | D:7      | Killed from afar by an orc priest

Illustrated notes

Levels and vault maps discovered:
D:1:      psy_arrival_statuary, layout_basic, hangedman_glass_teeth,
          corexii_corridor_pit, minivault_26
D:2:      layout_loops_cross, uniq_jessica
D:3:      layout_rooms, lemuel_round_altar, nemelex_xobeh_ov_fountains_minmay,
          uniq_natasha, uniq_terence
D:4:      minmay_chambers_of_threes, layout_cave_pools, old_standard_altar,
          enter_ossuary_5
D:5:      layout_loops_corners, kennysheep_little_box, serial_shops, shop,
          hangedman_decor_diamond_cutter
D:6:      layout_basic, lemuel_doored_altar, zin_purify,
          nicolae_ru_great_annihilating_truth, nicolae_qazlal_general_emergency,
          minmay_temple_entry_slanted, serial_shops, shop_scrolls, st_stairs_11
D:7:      layout_basic, serial_curves, eino_curves_02, eino_curves_04,
          eino_curves_03
Temple:   nicolae_temple_x_marks_the_god

Skill      XL: |  1  2  3  4  5  6  7  8  9 |
---------------+----------------------------+-----
Stealth        | 3 |  3.0
Fighting       | 3 |  3.0
Dodging        | 3 |  3.4
Unarmed Combat | 4 5 6 7 8 9 |  9.8
Armour         | 1 2 3 4 |  4.9
Shields        | 2 3 4 |  4.6

Action                   |  1- 3 |  4- 6 |  7- 9 || total
-------------------------+-------+-------+-------++-------
Melee: Unarmed           |    59 |   194 |   353 ||   606
       Bite              |     9 |    57 |   116 ||   182
       Punch             |     2 |     7 |       ||     9
Throw: Dart              |     1 |       |     2 ||     3
  Use: Scroll            |       |     3 |    15 ||    18
 Stab: Sleeping          |     9 |     7 |       ||    16
       Distracted        |       |       |     1 ||     1
       Paralysed         |       |       |     1 ||     1
Armor: Robe              |     9 |     4 |       ||    13
       Scale mail        |       |    45 |    90 ||   135
Dodge: Dodged            |    31 |    82 |   101 ||   214
Block: Kite shield       |       |     6 |   159 ||   165

Table legend: (Time is in decaauts)
 A = Elapsed time spent in this place.
 B = Non-inter-level travel time spent in this place.
 C = Inter-level travel time spent in this place.
 D = Time resting spent in this place.
 E = Time spent auto-exploring this place.
 F = Levels seen in this place.
 G = Mean time per level.
                   A        B        C        D        E       F      G
               +--------+--------+--------+--------+--------+-----+--------+
         Total |   5569 |   5200 |    369 |     31 |   3586 |   9 |  618.8 |
       Dungeon |   5254 |   4885 |    369 |     15 |   3510 |   7 |  750.6 |
        Temple |     72 |     72 |      0 |      0 |     50 |   1 |   72.0 |
       Ossuary |    242 |    242 |      0 |     16 |     26 |   1 |  242.0 |
               +--------+--------+--------+--------+--------+-----+--------+

Top non-repeatable levels by time:
     D:5: 938 daAuts
     D:6: 917 daAuts
     D:4: 850 daAuts
     D:1: 830 daAuts
     D:2: 662 daAuts
     D:7: 579 daAuts
     D:3: 475 daAuts
 Ossuary: 242 daAuts
  Temple: 72 daAuts
